AoeStats
← apb925

Glade

510910333Analyzed
1v1 RM · 22h ago on Oct 3, 2026· 66m 58s· 2 players
Game mode
Random Map
Map size
Tiny (2 player)
Population
200
Speed
Normal
Resources
Standard
Victory
Conquest
Starting age
Dark Age
Ending age
Imperial Age
RankedLock teamsTeams togetherTeam positionsShared explorationLock speedFull tech treeHidden civsTurbo modeCheats
Victory
Defeat
🇺🇸 Goths · United States
732
+16
🇺🇸 Franks · United States
724
-16
apb925
6:48 Loom
9:09 Feudal Age
10:04 Double-Bit Axe
12:53 Wheelbarrow
13:16 Gold Mining
18:16 Castle Age
16:31 Scale Barding Armor
22:03 Bow Saw
24:20 Stone Mining
29:39 Forging
31:18 Husbandry
35:48 Ballistics
35:36 Murder Holes
37:11 Gold Shaft Mining
42:05 Imperial Age
43:27 Cavalier
45:59 Chain Barding Armor
46:14 Iron Casting
46:13 Paladin
48:14 Hand Cart
49:45 Plate Barding Armor
54:47 Elite Skirmisher
56:53 Blast Furnace
55:55 Padded Archer Armor
55:45 Fletching
58:15 Chemistry
57:37 Ballistics
58:34 Leather Archer Armor
63:11 Bodkin Arrow
lambertjosh32
0:28 Loom
11:28 Feudal Age
12:17 Double-Bit Axe
12:22 Man-at-Arms
20:52 Castle Age
19:22 Scale Mail Armor
20:46 Stone Mining
20:59 Long Swordsman
22:34 Pikeman
27:06 Squires
34:27 Wheelbarrow
35:48 Anarchy
42:03 Bow Saw
44:34 Forging
44:40 Chain Mail Armor
47:08 Imperial Age
49:28 Gold Mining
49:57 Hand Cart
50:21 Halberdier
52:11 Iron Casting
55:04 Two-Man Saw
54:21 Perfusion
55:30 Blast Furnace
54:00 Capped Ram
58:23 Elite Huskarl
Connection lost

Rejoining the realm…

Still unreachable

The connection could not be restored.

Session expired

The server has moved on; the page needs a fresh start.